AoeStats
← Drysoup

Arabia

509615038Analyzed
1v1 RM · 5d ago on Sep 27, 2026· 37m 59s· 2 players
Game mode
Random Map
Map size
Tiny (2 player)
Population
200
Speed
Normal
Resources
Standard
Victory
Conquest
Starting age
Dark Age
Ending age
Imperial Age
RankedLock teamsTeams togetherTeam positionsShared explorationLock speedFull tech treeHidden civsTurbo modeCheats
Victory
Defeat
🇨🇳 Wei · China
1373
+15
🇦🇺 Mongols · Australia
1356
-15
Drysoup
6:25 Loom
11:04 Feudal Age
11:33 Double-Bit Axe
12:04 Gold Mining
14:29 Town Watch
21:18 Castle Age
19:46 Scale Barding Armor
19:51 Forging
20:01 Gold Mining
21:17 Bloodlines
22:02 Husbandry
30:50 Wheelbarrow
36:38 Chain Barding Armor
虎头彪
6:40 Loom
9:43 Feudal Age
11:44 Double-Bit Axe
12:21 Horse Collar
20:00 Castle Age
18:35 Fletching
18:47 Gold Mining
20:05 Padded Archer Armor
20:35 Bloodlines
21:24 Husbandry
23:20 Heavy Plow
24:46 Bodkin Arrow
26:02 Leather Archer Armor
25:49 Pikeman
27:09 Scale Mail Armor
28:44 Wheelbarrow
27:55 Town Watch
29:42 Chain Mail Armor
30:03 Squires
32:19 Ballistics
33:00 Scale Barding Armor
35:00 Hand Cart
35:07 Thumb Ring
36:59 Chain Barding Armor
40:55 Imperial Age
Connection lost

Rejoining the realm…

Still unreachable

The connection could not be restored.

Session expired

The server has moved on; the page needs a fresh start.